 Dungeon Crawl Stone Soup version 0.26-a0-651-gb41185065b (webtiles) character file.

Game seed: 8251352833364373242

75 Irenicus the Chopper (level 4, -1/39 HPs)
             Began as a Deep Dwarf Gladiator on Oct 14, 2020.
             Splashed by a jelly's acid (6 damage)
             ... on level 3 of the Dungeon.
             The game lasted 00:05:00 (890 turns).

Irenicus the Chopper (Deep Dwarf Gladiator)          Turns: 890, Time: 00:05:00

Health: -1/39      AC:  5    Str: 17    XL:     4   Next: 11%
Magic:  4/4        EV: 13    Int:  9    God:
Gold:   99         SH:  5    Dex: 15    Spells: 3/3 levels left

rFire    . . .     SeeInvis .   a - +0 war axe
rCold    . . .     Faith    .   (no shield)
rNeg     . . .     Spirit   .   b - +0 leather armour
rPois    .         Reflect  +   c - +0 helmet
rElec    .         Harm     .   (no cloak)
rCorr    .         Rampage  .   e - +0 pair of gloves
MR       .....                  (no boots)
Stlth    +.........             i - amulet of reflection
HPRegen  0.00/turn              (no ring)
MPRegen  0.09/turn              (no ring)

@: non-regenerating
A: damage resistance, heal wounds, sense surroundings 1, no regeneration
a: Heal Wounds


You were on level 3 of the Dungeon.
You visited 1 branch of the dungeon, and saw 3 of its levels.

You collected 99 gold pieces.

Inventory:

Hand Weapons
 a - a +0 war axe (weapon)
Missiles
 d - 3 throwing nets (quivered) {=f, !d}
Armour
 b - a +0 leather armour (worn)
 c - a +0 helmet (worn)
 e - a +0 pair of gloves (worn)
   (You found it on level 3 of the Dungeon)
Jewellery
 i - an amulet of reflection (around neck)
   (You found it on level 2 of the Dungeon)
Scrolls
 j - a scroll of fog {unknown}
Potions
 f - a potion of curing
 g - a potion of heal wounds
 h - a potion of might {unknown}
 k - a potion of magic {unknown}
 l - a potion of flight
 m - a potion of stabbing {unknown}


   Skills:
 - Level 1.7 Fighting
 + Level 5.5 Axes
 - Level 1.7 Throwing
 - Level 3.2 Dodging


You had 3 spell levels left.
You didn't know any spells.
Your spell library was empty.

Dungeon Overview and Level Annotations

Branches:
Dungeon (3/15)

Altars:


Innate Abilities, Weirdness & Mutations

You are resistant to damage.
You can heal yourself by infusing magical energy.
You passively map a small area around you.
You do not regenerate.


Message History

There is a stone staircase leading down here.
There is a stone staircase leading down here.
You climb downwards. 2 jackals come into view.
The jackal barks!
You hear a bark!
There is a stone staircase leading up here.
The jackal barks!
You hit the jackal.
You kill the jackal!
A jackal comes into view.
You barely miss the jackal. The jackal bites you.
The jackal closely misses you.
You completely miss the jackal.
The jackal bites you but does no damage.
The jackal closely misses you.
You closely miss the jackal. You block the jackal's attack. x2
You barely miss the jackal. You block the jackal's attack.
You hit the jackal.
You kill the jackal!
The jackal misses you.
You closely miss the jackal. You block the jackal's attack.
The jackal bites you.
You slash the jackal!
You kill the jackal!
Things that are here:
a jackal corpse; a jackal corpse
l - a bubbling emerald potion
As you read the scroll of identify, it crumbles to dust.
l - a potion of flight
As you read the scroll of identify, it crumbles to dust.
g - a potion of heal wounds A kobold comes into view.
The kobold shouts!
The kobold throws a stone.
The stone closely misses you.
You see here a stone.
The kobold throws a stone.
The stone barely misses you.
You see here 11 gold pieces.
You closely miss the kobold. The kobold hits you.
You hit the kobold.
You kill the kobold!
You now have 99 gold pieces (gained 11).
You see here a robe.
e - a pair of gloves You start putting on your armour.
You continue putting on your pair of gloves. x4
You finish putting on your +0 pair of gloves.
A jackal comes into view.
The jackal barks!
You hear a bark!
A jackal comes into view.
The jackal bites you.
You hit the jackal but do no damage.
The jackal bites you but does no damage.
You closely miss the jackal. The jackal barely misses you.
You are too injured to fight recklessly!
You hit the jackal.
The jackal is moderately wounded.
You hit the jackal.
The jackal bites you but does no damage.
The jackal barely misses you. x2; The jackal completely misses you.
You hit the jackal.
The jackal is almost dead.
You closely miss the jackal.
An adder comes into view.
The jackal barely misses you.
The jackal bites you but does no damage.
You block the jackal's attack. The jackal bites you.
The adder hisses angrily.
You hit the jackal.
You kill the jackal!
You barely miss the jackal. The jackal barely misses you.
You closely miss the jackal.
The jackal is almost dead.
The jackal completely misses you. The jackal closely misses you.
You slash the jackal!
You kill the jackal!
You hit the adder.
The adder is heavily wounded.
The adder closely misses you.
You barely miss the adder.
The adder is heavily wounded.
The adder bites you. x2
You miss the adder.
The adder is heavily wounded.
The adder closely misses you. The adder bites you but does no damage.
You slash the adder!
You kill the adder!
You have reached level 4!
You feel clever.
MP restored: 4
Found a stone staircase leading up.
Found a stone staircase leading up.
A jelly comes into view.
The jelly moves out of view.
The jelly quivers.
You see here a murky green potion.
m - a murky green potion You hit the jelly but do no damage.
Your hands burn!
* * * LOW HITPOINT WARNING * * *
The jelly hits you.
You are splashed with acid!
You die...

.##.K,#.###...., , , ,
.....,#.#..<.. , .. ..#
##...... .#
..##.###....# .#*
............# .# *
..##.###....## *.# * *
[.##.........## .# *
...#####.#....###.##..#
, ##.#
#.###.....@J....# #.#
##.#....###.###.# #.#
##..††## ..# * #.#
###.##* .... , #.# #.#
,(.##. #.########.#
.##* # #..........# *##
############ , * * *


You could see a jelly.

Vanquished Creatures
  4 adders
  An ooze (D:1)
  A leopard gecko (D:1)
  2 giant cockroaches (D:1)
  5 goblins
  3 hobgoblins
  5 jackals (D:3)
  5 bats
  2 frilled lizards
  5 kobolds
  3 rats (D:1)
36 creatures vanquished.

Notes
Turn   | Place    | Note
-------+----------+-------------------------------------------
     0 | D:1      | Irenicus the Deep Dwarf Gladiator began the quest for the
                  | Orb.
     0 | D:1      | Reached XP level 1. HP: 19/19 MP: 1/1
    24 | D:1      | Reached skill level 4 in Axes
    24 | D:1      | Reached XP level 2. HP: 26/26 MP: 2/2
   461 | D:2      | Reached XP level 3. HP: 12/32 MP: 3/3
   499 | D:2      | Reached skill level 5 in Axes
   532 | D:2      | HP: 8/32 [adder (1)]
   875 | D:3      | Reached XP level 4. HP: 8/39 MP: 4/4
   890 | D:3      | HP: 5/39 [acid (3)]
   890 | D:3      | Splashed by a jelly's acid

Illustrated notes

Levels and vault maps discovered:
D:1:      co_arrival_two_rings, layout_loops_ring
D:2:      minmay_diamond_boxcup, layout_basic
D:3:      layout_loops_ring

Skill      XL: |  1  2  3 |
---------------+----------+-----
Axes           | 4 5 |  5.5
Fighting       | |  1.7
Throwing       | |  1.7
Dodging        | |  3.2

Action                   |  1- 3 |  4- 6 || total
-------------------------+-------+-------++-------
Melee: War axe           |    94 |     1 ||    95
  Use: Scroll            |     6 |       ||     6
Armor: Leather armour    |    23 |       ||    23
       Ring mail         |     1 |       ||     1
Dodge: Dodged            |    78 |       ||    78
Block: Other             |     5 |       ||     5

Table legend: (Time is in decaauts)
 A = Elapsed time spent in this place.
 B = Non-inter-level travel time spent in this place.
 C = Inter-level travel time spent in this place.
 D = Time resting spent in this place.
 E = Time spent auto-exploring this place.
 F = Levels seen in this place.
 G = Mean time per level.
                   A        B        C        D        E       F      G
               +--------+--------+--------+--------+--------+-----+--------+
         Total |    916 |    916 |      0 |      0 |      0 |   3 |  305.3 |
       Dungeon |    916 |    916 |      0 |      0 |      0 |   3 |  305.3 |
               +--------+--------+--------+--------+--------+-----+--------+

Top non-repeatable levels by time:
     D:1: 471 daAuts
     D:2: 345 daAuts
     D:3: 99 daAuts

Table legend:
 A = Kills in this place as a percentage of kills in entire the game.
 B = Kills by you in this place as a percentage of kills by you in the entire game.
 C = Kills by friends in this place as a percentage of kills by friends in the entire game.
 D = Other kills in this place as a percentage of other kills in the entire game.
 E = Experience gained in this place as a percentage of experience gained in the entire game.
 F = Experience gained in this place divided by the number of levels of this place that you have seen.
                   A       B       C       D       E      F
               +-------+-------+-------+-------+-------+----------------------
         Total | 100.0 | 100.0 |   N/A |   N/A | 100.0 |  36.0
       Dungeon | 100.0 | 100.0 |   N/A |   N/A | 100.0 |  36.0
               +-------+-------+-------+-------+-------+----------------------
